[Event "Finnish Senior Championship 2022"]
[Site "Helsinki"]
[Date "2022.04.22"]
[Round "8.1"]
[White "Lyly, Seppo"]
[Black "Binham, Timothy F."]
[Result "0-1"]
[ECO "C64"]
[WhiteElo "1908"]
[BlackElo "2275"]
[Annotator "TA"]
[PlyCount "142"]
[EventDate "2022.04.15"]
[EventType "swiss"]
[EventCountry "FIN"]
[SourceTitle "playchess.com"]
[Source "ChessBase"]
[SourceQuality "1"]
[TimeControl "40/5400+30:1800+30"]

1. e4 e5 2. Nf3 Nc6 3. Bb5 Bc5 4. c3 f5 5. d3 fxe4 6. dxe4 {[%emt 0:00:18] C64: Ruy Lopez: Classical Defence (3...Bc5) except 4 0-0 Nf6.} Nf6 7. Qe2 d6 8. b4 {[%emt 0:14:24] The position is equal.} Bb6 9. a4 {[%emt 0:00:14] [#]} a5 $146 ({Predecessor:} 9... a6 10. Bc4 Qe7 11. Bg5 Nd8 12. Nbd2 Ne6 13. O-O h6 14. Be3 Bxe3 15. fxe3 g5 16. h3 Qg7 17. Nh2 h5 18. g3 g4 19. h4 Nf8 {½-½ (19) Wist,A (2068)-Woeber,F (2250) Bad Griesbach 2009}) 10. Be3 Bxe3 11. Qxe3 O-O 12. Bc4+ Kh8 13. b5 Ne7 14. O-O Qe8 15. Nbd2 b6 16. Rfe1 Qh5 17. Qg5 h6 18. Qxh5 Nxh5 19. g3 Nf6 20. Kg2 Bb7 (20... g5 {seems wilder.} 21. h4 g4 22. Nh2 Kg7) 21. Bd3 g6 22. h3 Kg7 23. Bc2 Nd7 24. Nb3 Ng8 25. Rad1 Rf7 26. Nfd2 Raf8 27. f3 Ne7 28. Re3 (28. h4 $15) 28... g5 $17 29. Rde1 Ng6 30. Bd1 h5 31. Rf1 Rf6 32. Be2 Ne7 33. Rd3 Rh8 34. Rh1 (34. Kh2 $17) 34... Ng6 $19 35. Re3 Ne7 36. Rd3 $1 Nf8 (36... h4 $19 37. g4 Ng6) 37. Re3 $17 Ne6 (37... h4 {seems wilder.} 38. g4 Nfg6 39. Bc4 Rhf8) 38. Rf1 Ng6 {[%emt 0:01:26] Strongly threatening ...h4.} (38... h4 {is interesting.} 39. g4 Bc8 40. Bc4 Nf4+) 39. Bd1 Kf7 {[%emt 0:00:20] Black is more active.} 40. Be2 Ke7 41. Bd1 Rg8 42. Kh2 Rgf8 43. Be2 Kd7 (43... h4 {feels hotter.} 44. g4 Nef4 45. Bc4 Bc8) 44. Bd1 Ne7 (44... h4 {keeps more tension.} 45. g4 Nef4 46. Be2 Bc8) 45. Be2 Rg6 (45... h4 {is more complex.} 46. g4 Nf4 47. Bc4 Kc8) 46. Bd1 Ng8 47. Rd3 Nf6 48. Be2 Rg7 49. Re3 Ke7 50. Bd1 Rgf7 51. Be2 Kd7 ({Black should play} 51... Nd7 52. Bc4 g4) 52. Bd1 (52. Bc4 $142) 52... Kd8 53. Be2 Ke7 54. Bd1 g4 55. h4 {[%emt 0:00:00] Prevents Ng5.} gxf3 56. Rexf3 d5 ({Stronger than} 56... Nxe4 57. Rxf7+ Rxf7 58. Rxf7+ Kxf7 59. Bxh5+ Ke7 60. Nxe4 Bxe4 61. Bd1 $15) 57. exd5 Bxd5 58. Rf5 Ng4+ (58... Bxb3 $17 59. Nxb3 Ne4 60. Rxf7+ Rxf7 61. Rxf7+ Kxf7 62. Bxh5+ Kg7) 59. Bxg4 $11 hxg4 60. Rxf7+ Rxf7 61. Rxf7+ Kxf7 {[%emt 0:00:08][%mdl 4096] Endgame KBN-KNN} 62. c4 ({White should try} 62. Kg1 $11) 62... Bb7 (62... Bf3 $15 63. Nxf3 gxf3) 63. Nf1 Nd4 64. Nxd4 $4 (64. Nbd2 $1 $11 {and White has nothing to worry.}) 64... exd4 {[%emt 0:00:01] KB-KN} 65. Nd2 (65. Kg1 $142 c5 66. Nd2) 65... Bf3 $19 {[%emt 0:00:29] [#] White must now prevent ...Bd1.} 66. Kg1 (66. Nb3 $142 d3 67. Nd2) 66... Bd1 {[%emt 0:00:56] Black is clearly winning.} 67. Kf2 Bxa4 68. Nb1 Bc2 69. Na3 Be4 {[%emt 0:00:30] [#] And now ...Ke6 would win.} 70. Ke1 Ke6 {[%emt 0:00:20] Hoping for ...Bg6.} 71. Kd2 Kd6 {[%emt 0:00:37] Weighted Error Value: White=0.14 (very precise) /Black=0.18 (very precise)} 0-1

[Event "Finnish Senior Championship 2022"]
[Site "Helsinki"]
[Date "2022.04.22"]
[Round "8.2"]
[White "Smeds, Tom"]
[Black "Kivipelto, Kaj"]
[Result "0-1"]
[ECO "E67"]
[WhiteElo "1863"]
[BlackElo "2129"]
[Annotator "TA"]
[PlyCount "92"]
[EventDate "2022.04.15"]
[EventType "swiss"]
[EventCountry "FIN"]
[SourceTitle "playchess.com"]
[Source "ChessBase"]
[SourceQuality "1"]
[TimeControl "40/5400+30:1800+30"]

1. Nf3 Nf6 2. g3 g6 3. b3 Bg7 4. Bb2 O-O 5. Bg2 d6 6. d4 c6 7. O-O Nbd7 8. c4 Qc7 9. Nc3 Re8 10. e3 e5 11. Qc2 Nf8 {[%emt 0:07:39] E67: King's Indian: Fianchetto: 6...Nbd7.} 12. dxe5 dxe5 {[%emt 0:00:09] [#]} 13. Rac1 $146 ({Predecessor:} 13. Rad1 h6 14. Nd2 Ne6 15. b4 a5 16. a3 axb4 17. axb4 Bd7 18. c5 Rad8 19. Nc4 Bf8 {0-1 (61) Prohorov,O (2086)-Mihok,O (2540) Chess.com INT 2020}) 13... Bf5 {[%emt 0:11:57] The position is equal.} 14. e4 Bd7 15. Qb1 Rad8 16. Rcd1 Nh5 17. Qa1 f6 18. Nh4 Bh6 19. h3 Ne6 20. Ne2 c5 21. Bf3 {[%emt 0:03:34] [#]} (21. Kh2 $11) 21... Nhg7 (21... Nd4 $1 $17 22. Bxh5 gxh5) 22. Bg4 (22. Nc3 $11 {keeps the balance.} Nd4 23. Nd5) 22... Nd4 $17 23. Nc3 f5 {[%emt 0:03:41] Black is more active.} 24. Nd5 Qd6 25. Bf3 fxe4 26. Bxe4 Bxh3 27. Rfe1 Rf8 28. Bc1 (28. Rd3 $17) 28... Bxc1 (28... g5 $19 29. Ng2 Ne8) 29. Qxc1 Bg4 ({Black should try} 29... Bf5 $17 {Hoping for ...Bxe4.} 30. Nxf5 gxf5) 30. f3 $2 (30. Rxd4 $1 $11 cxd4 31. Qg5) 30... Bf5 ({Weaker is} 30... Nxf3+ 31. Nxf3 Bxf3 32. Bxf3 Rxf3 33. Qg5 $17) (30... Bxf3 $142 31. Nxf3 Rxf3) 31. Kg2 Rf7 32. Qh6 Bxe4 33. fxe4 Qe6 {[%emt 0:05:41] Threatens to win with ...Rdf8. The board is on fire.} 34. Rxd4 $4 cxd4 $19 35. Nf3 {[%emt 0:00:07] [#]} Rxf3 36. Kxf3 Rf8+ 37. Kg2 {[%emt 0:00:15] Strongly threatening Rh1.} Qf7 38. Qd2 {[%emt 0:01:34] Inhibits Qf2+.} (38. Rg1 $142 Qf2+ 39. Kh1 Qf3+ 40. Kh2 Qxe4 41. Qd2) 38... Qf3+ 39. Kh3 Qh5+ $2 (39... Ne6 {( -> ...Qh5+)} 40. Qh6 Nf4+ 41. Nxf4 Rxf4) 40. Kg2 Qf3+ $2 $40 {[%emt 0:00:17][%mdl 128] Black is up to no good.} (40... Ne6 41. Qe2 Qxe2+ 42. Rxe2 Ng5) 41. Kh3 $1 Ne6 42. Qh6 Rf7 {[%emt 0:02:21] White must now prevent ...Nc5.} 43. Qd2 Kg7 (43... Qh5+ $142 44. Kg2 Ng5 45. Rh1 Qf3+ 46. Kh2 Qg4 47. Qxg5 Qxg5 48. Kg2 Qg4 49. Rh6 Qxe4+ 50. Kg1 Qe1+ 51. Kh2 Rf2+ 52. Kh3 Qh1+ 53. Kg4 Qxh6 54. Ne7+ Kh8 55. Nxg6+ Qxg6+ 56. Kh4 Rh2#) 44. b4 h6 {[%emt 0:03:08] Black mates.} 45. c5 Ng5+ 46. Kh2 Qh5+ {[%emt 0:00:36] Weighted Error Value: White=0.94/Black=0.72} 0-1

[Event "Finnish Senior Championship 2022"]
[Site "Helsinki"]
[Date "2022.04.22"]
[Round "8.3"]
[White "Terasalo, Kari"]
[Black "Hietala, Pekka"]
[Result "0-1"]
[ECO "C01"]
[WhiteElo "1775"]
[BlackElo "1925"]
[Annotator "TA"]
[PlyCount "74"]
[EventDate "2022.04.15"]
[EventType "swiss"]
[EventCountry "FIN"]
[SourceTitle "playchess.com"]
[Source "ChessBase"]
[SourceQuality "1"]
[TimeControl "40/5400+30:1800+30"]

1. e4 e6 2. Nf3 d5 3. exd5 exd5 4. d4 Bd6 5. Be2 Ne7 6. Bg5 {[%emt 0:01:24] C01: French: Exchange Variation.} f6 7. Bh4 Nbc6 8. c3 {[%emt 0:00:22] [#] The position is equal.} Bf5 $146 ({Predecessor:} 8... Be6 9. Bg3 Qd7 10. Bxd6 Qxd6 11. Nbd2 Ng6 12. g3 Bf5 13. O-O O-O-O 14. Re1 h5 {0-1 (30) Divis,J (1570)-Freeland,A (1988) Trebic 2017}) 9. Nfd2 Qd7 10. Nb3 b6 11. N1d2 O-O 12. O-O Ng6 13. Bg3 Nf4 14. Bxf4 (14. Bb5 {is interesting.} Bg6 15. Bxf4 Bxf4 16. Qf3) 14... Bxf4 15. Nf3 g5 16. g3 {[%emt 0:03:17] [#]} Bh3 $1 17. Re1 Qg7 18. Kh1 (18. c4 $14) 18... Bd6 $11 19. Bf1 Bg4 20. Bg2 Rad8 21. Nbd2 f5 ({Black should play} 21... Ne7 $15) 22. Qa4 $14 Ne7 23. Ne5 (23. Qxa7 Ra8 24. Qb7 Kh8 $11) 23... Bh5 24. Ndf3 ({Much worse is} 24. Qxa7 Bxe5 25. dxe5 Nc6 $11) (24. Nc6 $14) 24... g4 $11 25. Nh4 f4 26. Nc6 {[%emt 0:06:11] Pair of Knights!} ({Don't blunder} 26. Qxa7 $2 f3 27. Bxf3 (27. Bf1 $2 Ra8 $19) 27... gxf3 $19) 26... f3 $36 {[%emt 0:01:04][%mdl 2048] Black has some pressure.} 27. Nxe7+ Bxe7 28. Bf1 Bxh4 29. gxh4 Qf6 30. Re5 Qxh4 {[%emt 0:00:34] aiming for ...Rd6.} 31. Kg1 $2 {[%emt 0:02:54][%mdl 8192] [#]} (31. Qc6 $1 $15 Bg6 32. Kg1) 31... Be8 $2 ({Better is} 31... Rd6 $1 $19 32. Qd1 Rh6) 32. Qb4 $2 {[%emt 0:03:12][%mdl 8192] [#]} (32. Qxa7 $11 Rf7 33. Qb7) 32... Rd6 $1 $19 {[%emt 0:00:58][%cal Bd8d6,Bd6h6,Bh6g6][%mdl 32] Hoping for ...Rh6.} 33. Qb3 Rh6 34. h3 c6 35. Qc2 Rg6 {[%emt 0:02:58] ( -> ...g3)} 36. Rf5 gxh3+ 37. Kh1 Qg4 {[%emt 0:00:41] Weighted Error Value: White=1.01/Black=0.36} 0-1

[Event "Finnish Senior Championship 2022"]
[Site "Helsinki"]
[Date "2022.04.22"]
[Round "8.4"]
[White "Aakio, Seppo"]
[Black "Raitanen, Markku"]
[Result "1-0"]
[ECO "B74"]
[WhiteElo "2051"]
[BlackElo "1813"]
[Annotator "TA"]
[PlyCount "93"]
[EventDate "2022.04.15"]
[EventType "swiss"]
[EventCountry "FIN"]
[SourceTitle "playchess.com"]
[Source "ChessBase"]
[SourceQuality "1"]
[TimeControl "40/5400+30:1800+30"]

1. e4 c5 2. Nf3 d6 3. d4 cxd4 4. Nxd4 Nf6 5. Nc3 g6 6. Be2 Bg7 7. O-O O-O 8. Be3 Nc6 9. Nb3 Be6 10. f4 Rc8 11. Bf3 a6 (11... Bc4 $11) 12. h3 {[%emt 0:26:07] [#] B74: Sicilian Dragon: Classical System with 9 Nb3.} ({Better is} 12. Nd5 $14) 12... Na5 $146 (12... Bc4 $5 ) ({Predecessor:} 12... b5 13. Qd2 Na5 14. Nxa5 Qxa5 15. a3 Rfd8 16. Rf2 b4 17. Nd1 Rc4 18. Qd3 d5 19. exd5 Bxd5 20. Bxd5 Qxd5 21. Qxd5 Nxd5 {1-0 (63) Martin,L (2196)-Brown,T (2079) England 2019}) 13. Nxa5 Qxa5 14. Rf2 {[%emt 0:07:40] The position is equal.} Nd7 15. Bd4 Rc7 16. Bxg7 Kxg7 17. Bg4 Qb6 18. Rb1 {[%emt 0:02:08] [#]} Nf6 (18... Bxg4 $1 $17 19. hxg4 Nf6) 19. Bf3 $15 Rfc8 (19... Qe3 $5 ) 20. g4 (20. Qe1 $11) 20... Qc5 (20... h5 $15 21. gxh5 Rc4) 21. Kg2 b5 22. a3 Qe3 23. f5 gxf5 (23... Bd7 $11) 24. exf5 $14 Bc4 25. Qg1 (25. Qe1 $5 Qh6 26. Ne4 Nxe4 27. Qxe4 $14) 25... d5 (25... h5 $11) 26. Re1 Qc5 27. g5 (27. Kh1 $16) 27... Ne4 28. Nxe4 dxe4 29. Bxe4 {[%emt 0:00:02] Threatens to win with Rd2.} Bd5 30. c3 Rd7 (30... Bxe4+ $1 $11 31. Rxe4 Qd5) 31. Kh2 Qd6+ 32. Qg3 Qxg3+ 33. Kxg3 {[%emt 0:00:01] Hoping for f6+.} Bxe4 34. Rxe4 $16 {[%emt 0:00:01][%mdl 4096] Endgame KRR-KRR} Kf8 (34... h6 $142) 35. Rfe2 ({White should try} 35. Kg4) 35... Rc5 36. Kg4 Rdd5 37. Rf2 Kg7 $2 (37... e6 $16 {is more resistant.} 38. fxe6 Rxg5+ 39. Kh4 Rgf5 40. Rxf5 Rxf5) 38. Rxe7 $18 Rc4+ (38... a5 $142 39. h4 h5+ 40. gxh6+ Kxh6 41. Rxf7 Rc6) 39. Kg3 $2 (39. Kh5 {f6+ is the strong threat.} Rc8 40. f6+ Kg8 41. Ra7) 39... Rcc5 40. Kg4 $2 (40. Ra7) 40... Rc4+ 41. Kh5 {[%emt 0:13:35] [#] aiming for f6+. White is clearly winning.} Rcc5 42. f6+ Kf8 43. h4 Re5 44. Ra7 {[%emt 0:00:26] Black must now prevent Rd2.} Rc6 45. Ra8+ Re8 46. Rxe8+ Kxe8 47. Kh6 {[%emt 0:00:03] Weighted Error Value: White=0.41/Black=0.50} 1-0

[Event "Finnish Senior Championship 2022"]
[Site "Helsinki"]
[Date "2022.04.23"]
[Round "9.1"]
[White "Binham, Timothy F."]
[Black "Smeds, Tom"]
[Result "1-0"]
[ECO "B15"]
[WhiteElo "2275"]
[BlackElo "1863"]
[Annotator "TA"]
[PlyCount "39"]
[EventDate "2022.04.15"]
[EventType "swiss"]
[EventCountry "FIN"]
[SourceTitle "playchess.com"]
[Source "ChessBase"]
[SourceQuality "1"]
[TimeControl "40/5400+30:1800+30"]

1. d4 g6 2. e4 Bg7 3. Nc3 c6 4. f4 d5 5. e5 h5 6. Be3 Nh6 {[%emt 0:00:24] B15: Caro-Kann: 3 Nc3: 3...g6 and 3...dxe4 4 Nxe4 Nf6 5 Nxf6+ exf6.} 7. Nge2 {[%emt 0:03:59] [#]} ({Better is} 7. h3 $14) 7... Bf5 $146 ({Predecessor:} 7... Bg4 8. Qd2 Nd7 9. Nc1 h4 10. h3 Bh5 11. Bd3 e6 12. O-O Bf8 13. Nb3 Be7 14. a4 {0-1 (63) Hector,J (2470)-Petursson,M (2560) Aarhus 1993}) 8. Qd2 e6 {[%emt 0:00:29] White is slightly better.} 9. Ng3 O-O (9... Bf8 $11 {remains equal.}) 10. Nxf5 Nxf5 {[%emt 0:00:09] [#]} 11. Bf2 $1 Nd7 12. Bd3 b5 13. a4 a6 14. O-O Qe7 15. Ne2 c5 (15... Rfc8 $142) 16. axb5 c4 {[%emt 0:01:17] A mistake that costs the game.} (16... axb5 $16 {might work better.} 17. Bxb5 c4) 17. Bxf5 $18 exf5 {[%emt 0:00:33] [#]} (17... gxf5 {was necessary.} 18. bxa6 (18. Rxa6 Rxa6 19. bxa6 Ra8 $18) 18... Rfb8) 18. Rxa6 {[%emt 0:00:37] White is clearly winning.} Rab8 19. Nc3 Qb4 20. Ra4 {[%emt 0:00:28] Weighted Error Value: White=0.11 (very precise) /Black=0.51} 1-0

[Event "Finnish Senior Championship 2022"]
[Site "Helsinki"]
[Date "2022.04.23"]
[Round "9.2"]
[White "Kivipelto, Kaj"]
[Black "Patola, Eero"]
[Result "1-0"]
[ECO "A06"]
[WhiteElo "2129"]
[BlackElo "1809"]
[Annotator "TA"]
[PlyCount "67"]
[EventDate "2022.04.15"]
[EventType "swiss"]
[EventCountry "FIN"]
[SourceTitle "playchess.com"]
[Source "ChessBase"]
[SourceQuality "1"]
[TimeControl "40/5400+30:1800+30"]

1. b3 d5 2. Bb2 c5 3. e3 Nf6 4. Nf3 a6 5. c4 Bg4 6. cxd5 {[%emt 0:09:11] A06: Réti Opening: 1 Nf3 d5.} Nxd5 {[%emt 0:05:54] [#]} 7. a3 $146 ({Predecessor:} 7. Nc3 Nb4 8. h3 Bh5 9. a3 Nd3+ 10. Bxd3 Qxd3 11. Ne5 Qf5 12. Nf3 Bxf3 13. gxf3 {0-1 (41) Traversi,C (1585)-Bruening,W (1891) Bad Woerishofen 2015}) 7... e6 8. Be2 {[%emt 0:01:09] White has an edge.} Nd7 9. O-O Qc7 10. Qc2 N5f6 11. d4 Bf5 12. Bd3 Bg4 (12... Bxd3 $11 {remains equal.} 13. Qxd3 cxd4) 13. Nbd2 $16 {[%emt 0:00:36] White leaves nothing to chance now.} Rc8 14. Rac1 Nd5 {[%emt 0:03:13] Against b4} (14... Bxf3 $16 {keeps fighting.} 15. Nxf3 Qb8) 15. dxc5 $18 Nxc5 16. Be5 ({Much less strong is} 16. Bxh7 Nd7 17. Qe4 Qb8 18. Rxc8+ Qxc8 $18) 16... Qd7 {[%emt 0:03:02] [#]} (16... Nxd3 17. Bxc7 Nxc1) 17. b4 Nxd3 18. Qxc8+ Qxc8 19. Rxc8+ Kd7 20. Rc4 Bh5 21. Rd4 Nxe5 22. Nxe5+ Ke8 (22... Ke7 $142 23. g4 f6 24. Nc6+ bxc6) 23. Rc1 f6 24. Rc8+ Ke7 25. Nd3 Kd7 26. Rc1 f5 27. e4 fxe4 28. Nxe4 b6 29. Ne5+ Kd8 30. Rc6 Ke7 31. Ng5 Kf6 32. Rxe6+ Kxg5 33. Rxd5 {[%emt 0:00:21] [#] White threatens Nd3+ and mate.} Bg4 34. Nxg4+ {[%emt 0:00:20] Weighted Error Value: White=0.18 (very precise) /Black=0.88} 1-0

[Event "Finnish Senior Championship 2022"]
[Site "Helsinki"]
[Date "2022.04.23"]
[Round "9.3"]
[White "Hietala, Pekka"]
[Black "Lehtela, Antti"]
[Result "1-0"]
[ECO "A18"]
[WhiteElo "1925"]
[BlackElo "1632"]
[Annotator "TA"]
[PlyCount "67"]
[EventDate "2022.04.15"]
[EventType "swiss"]
[EventCountry "FIN"]
[SourceTitle "playchess.com"]
[Source "ChessBase"]
[SourceQuality "1"]
[TimeControl "40/5400+30:1800+30"]

1. c4 Nf6 2. Nc3 e6 3. e4 Nc6 4. d4 d6 5. Be2 Be7 6. Be3 {[%emt 0:05:49] A18: English Opening: Flohr-Mikenas System (1 c4 Nf6 2 Nc3 e6 3 e4).} O-O 7. Nf3 {[%emt 0:01:31] [#]} b6 $146 ({Predecessor:} 7... d5 8. e5 Ne4 9. Bd3 Nxc3 10. bxc3 f5 11. exf6 Bxf6 12. Qc2 h6 13. O-O Na5 14. cxd5 exd5 {1-0 (43) Rulfs,E (2047)-Schwedek,T GER email 2013}) 8. h3 {[%emt 0:01:28] White is better.} Bb7 9. a3 Rc8 10. Qc2 {[%emt 0:02:25] White is more active.} d5 (10... Nd7 $142) 11. e5 Ne8 (11... Ne4 {keeps fighting.}) 12. cxd5 $18 exd5 13. Bd3 g6 {[%emt 0:00:44][%cal Oc6d4] [#]} 14. h4 $1 {[%emt 0:02:15] h5 is the strong threat.} f5 $2 (14... Nxd4 {was necessary.} 15. Nxd4 c5) 15. exf6 Bxf6 16. Bxg6 $2 hxg6 $11 17. Qxg6+ Bg7 $1 18. Ng5 {[%emt 0:01:11] [#]} (18. h5 $1 $11 {remains equal.} Qd6 19. Qg5) 18... Rf6 $2 {[%emt 0:00:00][%mdl 8192] White leaves nothing to chance now.} (18... Nf6 $1 $17 {keeps the pressure on. Threatens to win with ...Ne7.} 19. Ne6 Qd7 20. Nxf8 Rxf8) 19. Qh7+ $18 Kf8 20. h5 {[%emt 0:09:14] Really sharp!} Qd6 $2 (20... Bh6 21. O-O-O Ng7) 21. h6 {[%emt 0:04:04] White is clearly winning.} Rg6 (21... Rxh6 $2 22. Rxh6 Nf6 23. Qg6) (21... Qd7 $142 22. hxg7+ Qxg7 23. Nxd5 Qxh7 24. Nxh7+ Kg7 25. Nhxf6 Nxf6 26. Nxf6 Kxf6) 22. hxg7+ Rxg7 23. Qf5+ Kg8 24. Qh3 Kf8 25. Ne6+ Kf7 26. Qf5+ Kg8 27. Nxg7 Nxg7 28. Qg4 (28. Qh7+ $142 Kf7 29. Rh6) 28... Re8 29. O-O-O Bc8 30. Qg5 Bf5 31. Rh6 ({Weaker is} 31. Qh4 Na5 32. Rd2 Qg6 $16) 31... Qd7 32. Rdh1 {[%emt 0:00:51] Black must now prevent Qf6.} Ne7 33. Qf6 Ng6 {[%emt 0:00:00] Prevents Rh8+.} 34. Rxg6 {[%emt 0:00:21] Weighted Error Value: White=0.64/Black=0.83} 1-0

[Event "Finnish Senior Championship 2022"]
[Site "Helsinki"]
[Date "2022.04.23"]
[Round "9.4"]
[White "Aakio, Seppo"]
[Black "Kukkonen, Martti"]
[Result "1-0"]
[ECO "B84"]
[WhiteElo "2051"]
[BlackElo "1462"]
[Annotator "TA"]
[PlyCount "61"]
[EventDate "2022.04.15"]
[EventType "swiss"]
[EventCountry "FIN"]
[SourceTitle "playchess.com"]
[Source "ChessBase"]
[SourceQuality "1"]
[TimeControl "40/5400+30:1800+30"]

1. e4 c5 2. Nf3 d6 3. d4 cxd4 4. Nxd4 Nc6 5. Nc3 a6 6. Be3 Nf6 7. Be2 Qc7 8. O-O e6 9. f4 g6 {[%emt 0:02:09] B84: Sicilian Scheveningen: 6 Be2 a6, lines without early Be3.} 10. Kh1 Bg7 $1 {[%emt 0:04:05] [#]} 11. Qd2 $146 ({Predecessor:} 11. Nxc6 bxc6 12. e5 Nd5 13. Nxd5 cxd5 14. exd6 Qxd6 15. Bd4 f6 16. c4 e5 17. fxe5 fxe5 {0-1 (41) Shim Ng Min,F (1124)-Churyaev,A (1075) LSS email 2020}) 11... b5 {[%emt 0:02:47] [#]} ({Black should try} 11... Nxd4 $14 12. Qxd4 O-O) 12. Bxb5 axb5 $16 13. Ndxb5 Qd7 14. Nxd6+ Kf8 15. e5 $36 {[%emt 0:00:53][%mdl 3072] White has strong compensation. White is really pushing. White is more active.} Ng8 (15... Ne8 $16) 16. Bc5 $18 Nge7 17. Rad1 Kg8 18. Qf2 Ba6 19. Rfe1 Qc7 20. b4 Bb7 21. Ncb5 Qb8 22. c4 h5 23. Rd2 h4 24. h3 Nf5 25. Nxf5 exf5 (25... gxf5 26. Rd7 Nxb4) 26. e6 {[%emt 0:05:34] [#] Black must now prevent exf7+.} fxe6 27. Rxe6 Kf7 28. Qe3 {[%emt 0:07:33] Rd7+ would kill now.} Bf6 29. Rd7+ {[%emt 0:00:15] White mates.} Be7 30. Rexe7+ Nxe7 31. Qxe7+ {[%emt 0:00:06] Weighted Error Value: White=0.09 (flawless) /Black=0.86} 1-0

[Event "Finnish Senior Championship 2022"]
[Site "Helsinki"]
[Date "2022.04.23"]
[Round "9.5"]
[White "Raitanen, Markku"]
[Black "Lyly, Seppo"]
[Result "1-0"]
[ECO "B80"]
[WhiteElo "1813"]
[BlackElo "1908"]
[Annotator "TA"]
[PlyCount "98"]
[EventDate "2022.04.15"]
[EventType "swiss"]
[EventCountry "FIN"]
[SourceTitle "playchess.com"]
[Source "ChessBase"]
[SourceQuality "1"]
[TimeControl "40/5400+30:1800+30"]

1. e4 c5 2. d4 e6 3. Nf3 cxd4 4. Nxd4 Nc6 5. Nc3 a6 6. g3 Nf6 7. Bg2 Qc7 8. O-O Be7 9. Be3 O-O 10. Qe2 d6 11. Nb3 {[%emt 0:05:48] B80: Sicilian Scheveningen: 6 g3 and 6 Be3, including English Attack.} Rb8 12. a4 b6 {[%emt 0:02:42] Inhibits a5.} 13. f4 {[%emt 0:02:18] The position is equal.} Bb7 14. h3 (14. g4 $14) 14... Nd7 {[%emt 0:06:37] [#]} 15. Rfd1 $146 ({Predecessor:} 15. Qf2 Ba8 16. Rad1 Nc5 17. Rfe1 Rbc8 18. Kh2 Qb8 19. Bf1 Bb7 20. Nd4 Nb4 21. Bg2 {0-1 (28) Jaramillo,V (2203)-Morales,J (2346) Cali 2016}) 15... Rfc8 16. f5 (16. Rd2 $11) 16... exf5 ({Black should try} 16... Bf6 $15) 17. exf5 (17. Nd5 $14 Qd8 18. exf5) 17... Nce5 18. Bxb7 Qxb7 19. Nd5 Bf8 (19... Bd8 $142) 20. Bf4 f6 (20... Nc4 $11 {keeps the balance.}) 21. g4 {[%emt 0:01:51] 0x0.000f65284f8cdp-1022s more active pieces.} Rc4 (21... Qc6 $14) 22. Rd2 (22. Qg2 $16) 22... Rbc8 (22... Rcc8 $14) 23. Qg2 $1 $16 Kh8 24. Nd4 b5 {[%emt 0:05:19] [#]} 25. axb5 axb5 26. Ne6 ({Better is} 26. b3 $18 R4c5 27. Ne6) 26... Qc6 (26... Ra4 $16 27. Re1 Nb6) 27. c3 (27. b3 $18 {and White stays clearly on top.} Rc3 28. Nxc3 Qxc3 29. Ra8) 27... b4 (27... Nc5 $16) 28. Bxe5 $18 ({But not} 28. cxb4 $6 Rc1+ 29. Rxc1 Qxc1+ 30. Kh2 Qc4 31. Bxe5 fxe5 $18) (28. Nxb4 Qxg2+ 29. Kxg2 Re4 30. Bxe5 Nxe5 $18) 28... Nxe5 29. Nxb4 Qb6+ 30. Kh2 Qe3 31. Re2 Qh6 32. Nd4 $2 {[%emt 0:05:55] [#]} (32. Kg1 $18) 32... Qg5 $2 (32... Rxb4 $1 $15 {keeps the upper hand.} 33. g5 Qh4) 33. Nd5 Rb8 34. Qg3 {[%emt 0:01:31] Prevents Qh4.} h5 35. gxh5 Qxh5 36. Nf4 {[%emt 0:01:32] Pair of Knights!} Qh7 (36... Qg5 $142 37. Qxg5 fxg5) 37. Rg1 {[%emt 0:01:41] Hoping for b3.} Rb7 (37... Qh6 38. Kh1 Kg8) 38. Nde6 $2 (38. Ng6+ $18 {is more deadly.} Kg8 39. Qg2) 38... Rxf4 $4 39. Qxf4 {[%emt 0:01:04] Really sharp!} ({Less strong is} 39. Nxf4 Qxf5 40. Rf2 Rf7 $18) 39... Rf7 (39... Qh5) 40. Reg2 Qh5 41. b4 $2 (41. Ra1) 41... Nf3+ 42. Kh1 {[%emt 0:00:29] Strongly threatening Qg4.} Nxg1 (42... Qxh3+ $16 {is a better defense.} 43. Rh2 Nxh2 44. Qxh2 Qxh2+ 45. Kxh2 d5) 43. Kxg1 (43. Rxg1 Qxh3+ 44. Qh2 Qxh2+ 45. Kxh2 d5 $16) 43... Be7 $2 (43... Kg8 44. Kh2 Qd1) 44. Rg4 {[%emt 0:00:00] Threatening mate with Rh4.} Kg8 45. Qf3 Qh6 46. Kh2 (46. Nf4 $142 {And now Qd5 would win.} Kh7 47. Qd5) 46... Bf8 47. b5 {[%emt 0:00:00] aiming for Nf4.} Ra7 48. b6 $2 (48. Qd5) 48... Ra2+ 49. Rg2 Ra5 $2 {[%emt 0:00:00] Weighted Error Value: White=0.97/Black=0.74} (49... Rxg2+ $18 50. Kxg2 Qd2+ 51. Qf2 (51. Kg3 Qe1+ 52. Kg2 Qd2+ 53. Qf2 Qd5+ 54. Kg3 Qe5+ 55. Kg4 Qb5 $18) 51... Qd5+ 52. Kg3 (52. Qf3 Qb5 $18) 52... Qe5+ 53. Kg4 d5) 1-0